 Dungeon Crawl Stone Soup version 0.31-a0-771-g505c3d19dc (webtiles) character file.

Game seed: 2537845901901811807

197 MackTheKnife the Magician (level 5, -6/24 HPs)
             Began as a Spriggan Wanderer on Sept 16, 2023.
             Killed from afar by a white imp (8 damage)
             ... with a puff of frost
             ... on level 5 of the Dungeon.
             The game lasted 00:05:05 (3171 turns).

MackTheKnife the Magician (Spriggan Wanderer)       Turns: 3171, Time: 00:05:06

Health: -6/24      AC:  2    Str:  5    XL:     5   Next: 46%
Magic:  9/14       EV: 16    Int: 13    God:
Gold:   98         SH:  0    Dex: 20    Spells: 12/15 levels left

rFire   . . .        m - +0 dagger {short}
rCold   . . .        (no shield)
rNeg    . . .        d - +0 robe
rPois   .            b - +0 hat
rElec   .            (no cloak)
rCorr   .            (gloves unavailable)
SInv    +            (boots unavailable)
Will    .....        a - amulet of magic regeneration {@e2}
Stlth   +++          (no ring)
HPRegen 0.24/turn    (no ring)
MPRegen 0.54/turn

%: no passive effects
@: very slightly contaminated, very quick
A: very small, no large weapons, unfitting armour, see invisible, speed 3
a: no special abilities


You were on level 5 of the Dungeon.
You visited 2 branches of the dungeon, and saw 6 of its levels.

You collected 98 gold pieces.


Innate Abilities, Weirdness & Mutations

You are very small and have problems with some larger weapons.
You are too small for most types of armour.
You have supernaturally acute eyesight. (SInv)
You cover ground extremely quickly. (Speed+++)


   Skills:
 - Level 2.4 Long Blades
 - Level 1.3 Dodging
 + Level 3.5 Stealth
 - Level 5.8 Spellcasting
 + Level 2.6 Hexes
 - Level 2.1 Air Magic
 - Level 1.0 Invocations
 - Level 1.3 Evocations


You had 12 spell levels left.
You knew the following spells:

 Your Spells              Type           Power      Damage    Failure   Level
a - Shock                 Conj/Air       24%        1d4       11%         1
b - Ensorcelled Hibernat  Hex/Ice        14%        N/A       16%         2

Your spell library contained the following spells:

 Spells                   Type           Power      Damage    Failure   Level
 Jinxbite                 Hex            20%        N/A       9%          2
 Apportation              Tloc           6%         N/A       17%         1
 Necrotise                Necr           12%        1d4       17%         1
 Summon Small Mammal      Summ           12%        N/A       17%         1
 Swiftness                Air            9%         N/A       22%         3
 Ozocubu's Armour         Ice            3%         N/A       45%         3
 Airstrike                Air            4%         2d(1-17)  58%         4
 Anguish                  Hex/Necr       3%         N/A       69%         4
 Ozocubu's Refrigeration  Ice            1%         4d7       100%        7
 Chain Lightning          Conj/Air       3%         3d4       100%        9
 Fire Storm               Conj/Fire      1%         8d1       100%        9
 Shatter                  Erth           1%         3d6*      100%        9

Inventory:

Hand Weapons
 m - a +0 dagger (weapon) {short}
   (You took it off a goblin on level 1 of the Dungeon)
 q - the +8 whip "Eluyro" {heavy, rElec rC++ rCorr Str-2, mace}
   (You found it on level 3 of the Dungeon)

   Str-2:     It affects your strength (-2).
   rC++:      It greatly protects you from cold.
   rElec:     It insulates you from electricity.
   rCorr:     It protects you from acid and corrosion.
Missiles
 g - a throwing net {=f!fthrowing}
Armour
 b - a +0 hat (worn)
 d - a +0 robe (worn)
Jewellery
 a - an amulet of magic regeneration (around neck) {@e2}
   (You found it on level 3 of the Dungeon)
 n - the Hermit's Pendant {Faith Invo=14 Evo=0 MP+5}
   (You took it off a goblin on level 2 of the Dungeon)

   [amulet of faith]

   Invo=14: It sets your Invocations skill to 14.
   Evo=0: It sets your Evocations skill to 0.
   Faith:     It allows you to gain divine favour quickly.
   MP+5:      It affects your magic capacity (+5).
Scrolls
 c - a scroll of fog
 e - 3 scrolls of identify {unknown}
 f - a scroll of summoning {unknown}
 h - 2 scrolls of enchant weapon {unknown}
 k - 2 scrolls of immolation {unknown}
 o - a scroll of amnesia {unknown}
 r - a scroll of noise {unknown}
Potions
 i - a potion of cancellation {unknown}
 j - 3 potions of heal wounds {unknown}
 l - a potion of brilliance {unknown}
 p - a potion of attraction {unknown}
 s - a potion of degeneration {unknown}

Dungeon Overview and Level Annotations

Branches:
Dungeon (6/15) Zot: 26830  Temple (1/1) D:6 Zot: 5995

Altars:
Dithmenos
Elyvilon
Hepliaklqana
Kikubaaqudgha
Okawaru
Qazlal
Sif Muna
Vehumet
Xom
Zin

Annotations:
D:6 exclusions: centaur and upstairs

o... #.##.##.#
..#####. #.
#.##.##.# >h......
#. #.......#
.....g.. #.
####.#### ..#####.
##. #.# ..# ..
########.# ... #.
#........# o.##
#.##5#####.########
o5# #....@..##.##
.o. ####.##.#...#
#. #...#.# ..
###...# ### #####


You could see a white imp.


Message History

A white imp is nearby!
The zap hits the white imp.
The zap misses the white imp.
The white imp shouts, "Remove thy stench, thou tottering two-tin-hat clack-dish!"
The white imp gestures at you.
The puff of frost hits you. 😮 HP[-6] MP[-1]
You take 6 damage, and now have 18/24 hp.
MASSIVE DAMAGE!! (PAUSE)
You lost 1 mp, and now have 13/14 mp.
You are too injured to fight recklessly!
You are too injured to fight recklessly!
You are too injured to fight recklessly!
You are too injured to fight recklessly!
Casting: Shock (safe; 11% risk of failure)
Confirm with . or Enter, or press ? or * to list all spells.
Aiming: Shock (safe; 11% risk of failure)
Press: ? - help, Shift-Dir - straight line, f/p - white imp
Aim: a white imp (64% to hit)
The zap misses the white imp.
Casting: Shock (safe; 11% risk of failure)
Confirm with . or Enter, or press ? or * to list all spells.
Aiming: Shock (safe; 11% risk of failure)
Press: ? - help, Shift-Dir - straight line, f/p - white imp
Aim: a white imp (64% to hit)
The zap misses the white imp. 😮 MP[-1]
You lost 1 mp, and now have 12/14 mp.
Casting: Shock (safe; 11% risk of failure)
Confirm with . or Enter, or press ? or * to list all spells.
Aiming: Shock (safe; 11% risk of failure)
Press: ? - help, Shift-Dir - straight line, f/p - white imp
Aim: a white imp (64% to hit)
The zap hits the white imp.
The white imp gestures at you. The puff of frost hits you. 😮 HP[-5]
You take 5 damage, and now have 13/24 hp.
MASSIVE DAMAGE!! (PAUSE) Unknown command.
Casting: Shock (safe; 11% risk of failure)
Confirm with . or Enter, or press ? or * to list all spells.
Aiming: Shock (safe; 11% risk of failure)
Press: ? - help, Shift-Dir - straight line, f/p - white imp
Aim: a white imp (lightly wounded, 64% to hit)
The zap hits the white imp.
The white imp gestures at you. The puff of frost hits you!
* * * LOW HITPOINT WARNING * * *
😱 HP[-7] MP[-1]
You take 7 damage, and now have 6/24 hp.
MASSIVE DAMAGE!! (PAUSE)
You lost 1 mp, and now have 11/14 mp.
Casting: Shock (safe; 11% risk of failure)
Confirm with . or Enter, or press ? or * to list all spells.
Aiming: Shock (safe; 11% risk of failure)
Press: ? - help, Shift-Dir - straight line, f/p - white imp
Aim: a white imp (heavily wounded, 64% to hit)
The zap misses the white imp.
Casting: Shock (safe; 11% risk of failure)
Confirm with . or Enter, or press ? or * to list all spells.
Aiming: Shock (safe; 11% risk of failure)
Press: ? - help, Shift-Dir - straight line, f/p - white imp
Aim: a white imp (heavily wounded, 64% to hit)
The zap hits the white imp.
The white imp gestures at you. The puff of frost misses you. 😱 MP[-1]
You lost 1 mp, and now have 10/14 mp.
Casting: Shock (safe; 11% risk of failure)
Confirm with . or Enter, or press ? or * to list all spells.
Aiming: Shock (safe; 11% risk of failure)
Press: ? - help, Shift-Dir - straight line, f/p - white imp
Aim: a white imp (severely wounded, 64% to hit)
The zap misses the white imp.
The white imp hits you.
* * * LOW HITPOINT WARNING * * *
The white imp freezes you.
* * * LOW HITPOINT WARNING * * *
😱 HP[-4]
You take 4 damage, and now have 2/24 hp.
Casting: Shock (safe; 11% risk of failure)
Confirm with . or Enter, or press ? or * to list all spells.
Aiming: Shock (safe; 11% risk of failure)
Press: ? - help, Shift-Dir - straight line, f/p - white imp
Aim: a white imp (severely wounded, 64% to hit)
The zap hits the white imp.
The white imp misses you. 😱 MP[-1]
You lost 1 mp, and now have 9/14 mp.
Casting: Shock (safe; 11% risk of failure)
Confirm with . or Enter, or press ? or * to list all spells.
Aiming: Shock (safe; 11% risk of failure)
Press: ? - help, Shift-Dir - straight line, f/p - white imp
Aim: a white imp (almost dead, 64% to hit)
You miscast Shock.
You are very lightly contaminated with residual magic.
Nothing appears to happen.
The white imp shouts, "Remove thy stench, thou qualling ill-breeding gonus!"
The white imp gestures at you. The puff of frost hits you!
You die...

Skill      XL: |  1  2  3  4 |
---------------+-------------+-----
Air Magic      | 1 2 |  2.1
Hexes          | 1 2 |  2.6
Stealth        | 2 3 |  3.5
Spellcasting   | 5 |  5.8
Long Blades    | |  2.4
Dodging        | |  1.3
Invocations    | |  1.0
Evocations     | |  1.3

Action                     |  1- 3 |  4- 6 || total
---------------------------+-------+-------++-------
  Melee: Falchion          |    36 |       ||    36
         Punch             |     1 |       ||     1
         Whip              |     5 |     4 ||     9
         Dagger            |       |     6 ||     6
   Cast: Shock             |    86 |    15 ||   101
         Ensorcelled Hiber |       |     5 ||     5
   Stab: Distracted        |     1 |       ||     1
         Sleeping          |       |     2 ||     2
 Armour: Robe              |    22 |     8 ||    30
  Dodge: Dodged            |    40 |    23 ||    63

Levels and vault maps discovered:
D:1:      mrwooster_arrival_statue_2, layout_loops_corners,
          ebering_ecumenical_altar_webs
D:2:      layout_loops_ring, grunt_ministairs_7
D:3:      layout_loops_ring, mainiacjoe_overflow_alcove_2,
          nicolae_overflow_hallway_of_the_gods, bh_walls_and_bars
D:5:      layout_loops_cross, nicolae_shop_self_help
D:6:      layout_loops_corners, mainiacjoe_overflow_chevrons,
          minmay_temple_entry_proselytizer
Temple:   ebering_the_one_and_only

Notes
Turn   | Place    | Note
-------+----------+-------------------------------------------
     0 | D:1      | MackTheKnife the Spriggan Wanderer began the quest for the
                  | Orb.
     0 | D:1      | MackTheKnife set off with the following items: a +2
                  | falchion {long}, a +0 hat, a scroll of fog, a +0 robe; and
                  | the following spell memorised: Shock; and the following
                  | spells available to memorise: Swiftness.
     0 | D:1      | Reached XP level 1. HP: 9/9 MP: 6/6
     0 | D:1      | magus.rc [v1.9.6]
   516 | D:1      | Reached skill level 1 in Air Magic
   516 | D:1      | Reached XP level 2. HP: 13/13 MP: 2/8
   936 | D:1      | Found a faded altar of an unknown god.
  1034 | D:1      | You pick up a book of Annihilations and begin reading...
  1034 | D:1      | You add the spells Chain Lightning, Fire Storm and Shatter
                  | to your library.
  1504 | D:2      | You add the spells Ozocubu's Armour and Ozocubu's
                  | Refrigeration to your library.
  1522 | D:2      | Reached skill level 2 in Air Magic
  1522 | D:2      | Reached XP level 3. HP: 16/16 MP: 2/9
  1594 | D:2      | You pick up a book of Dreams and begin reading...
  1594 | D:2      | You add the spells Jinxbite, Ensorcelled Hibernation and
                  | Anguish to your library.
  1611 | D:2      | Learned a level 2 spell: Ensorcelled Hibernation
  1742 | D:2      | You pick up a book of Cantrips and begin reading...
  1742 | D:2      | You add the spells Necrotise, Summon Small Mammal and
                  | Apportation to your library.
  2290 | D:3      | You pick up a book of Air and begin reading...
  2307 | D:3      | Reached skill level 1 in Hexes
  2372 | D:3      | Found a shimmering blue altar of Sif Muna.
  2374 | D:3      | Found a shadowy altar of Dithmenos.
  2445 | D:3      | Found a stormy altar of Qazlal.
  2446 | D:3      | Found a shimmering altar of Xom.
  2448 | D:3      | Found a white marble altar of Elyvilon.
  2449 | D:3      | Found a hazy altar of Hepliaklqana.
  2449 | D:3      | Found an iron altar of Okawaru.
  2452 | D:3      | Found a glowing silver altar of Zin.
  2455 | D:3      | Found an ancient bone altar of Kikubaaqudgha.
  2498 | D:3      | Identified the +8 whip "Eluyro" {heavy, rElec rC++ rCorr
                  | Str-2}
  2588 | D:3      | You fall into a shaft and drop 3 floors!
  2671 | D:6      | Reached skill level 2 in Stealth
  2671 | D:6      | Reached XP level 4. HP: 10/21 MP: 11/11
  2727 | D:6      | Found a staircase to the Ecumenical Temple.
  2731 | D:6      | Reached skill level 5 in Spellcasting
  2735 | Temple   | Entered the Ecumenical Temple
  2825 | D:6      | Noticed a centaur
  2941 | D:5      | Entered Level 5 of the Dungeon
  2979 | D:6      | Noticed an orc warrior
  3051 | D:5      | Noticed an ogre
  3062 | D:5      | Killed an ogre
  3063 | D:5      | Reached skill level 3 in Stealth
  3063 | D:5      | Reached skill level 2 in Hexes
  3063 | D:5      | Reached XP level 5. HP: 16/24 MP: 3/14
  3166 | D:5      | HP: 6/24 [white imp/puff of frost (7)]
  3169 | D:5      | HP: 2/24 [white imp (4)]
  3171 | D:5      | Killed from afar by a white imp

Vanquished Creatures
  An ogre (D:5)
  An orc priest (D:6)
  2 adders
  A shadow imp (D:6)
  2 worms (D:2)
  2 dart slugs (D:2)
  An orc (D:6)
  7 endoplasms
  A giant cockroach (D:2)
  5 goblins
  6 hobgoblins
  4 ball pythons
  5 bats
  2 frilled lizards (D:1)
  2 kobolds (D:2)
  2 rats (D:2)
44 creatures vanquished.

Table legend:
 A = Non-vault XP
 B = Vault XP
 C = Vault XP percentage of total XP
 D = Non-vault monster count
 E = Vault monster count
 F = Vault count percentage of total count
                 A         B        C        D         E       F
            +---------+---------+-------+---------+---------+-------
      Total |     235 |      47 |  16.7 |      41 |       3 |   6.8
            +---------+---------+-------+---------+---------+-------
        D:1 |      22 |       0 |   0.0 |      14 |       0 |   0.0
        D:2 |      41 |       4 |   8.9 |      19 |       2 |   9.5
        D:3 |      19 |       0 |   0.0 |       4 |       0 |   0.0
        D:5 |     138 |       0 |   0.0 |       2 |       0 |   0.0
        D:6 |      15 |      43 |  74.1 |       2 |       1 |  33.3
            +---------+---------+-------+---------+---------+-------

Skill      XL: |  1  2  3  4 |
---------------+-------------+-----
Air Magic      | 1 2 |  2.1
Hexes          | 1 2 |  2.6
Stealth        | 2 3 |  3.5
Spellcasting   | 5 |  5.8
Long Blades    | |  2.4
Dodging        | |  1.3
Invocations    | |  1.0
Evocations     | |  1.3

Action                     |  1- 3 |  4- 6 || total
---------------------------+-------+-------++-------
  Melee: Falchion          |    36 |       ||    36
         Punch             |     1 |       ||     1
         Whip              |     5 |     4 ||     9
         Dagger            |       |     6 ||     6
   Cast: Shock             |    86 |    15 ||   101
         Ensorcelled Hiber |       |     5 ||     5
   Stab: Distracted        |     1 |       ||     1
         Sleeping          |       |     2 ||     2
 Armour: Robe              |    22 |     8 ||    30
  Dodge: Dodged            |    40 |    23 ||    63

Illustrated notes

Table legend:
 A = Kills in this place as a percentage of kills in the entire game.
 B = Kills by you in this place as a percentage of kills by you in the entire game.
 C = Kills by friends in this place as a percentage of kills by friends in the entire game.
 D = Other kills in this place as a percentage of other kills in the entire game.
 E = Experience gained in this place as a percentage of experience gained in the entire game.
 F = Experience gained in this place divided by the number of levels of this place that you have seen.
                   A       B       C       D       E      F
               +-------+-------+-------+-------+-------+----------------------
         Total | 100.0 | 100.0 |   N/A |   N/A | 100.0 |  47.0
       Dungeon | 100.0 | 100.0 |   N/A |   N/A | 100.0 |  56.4
               +-------+-------+-------+-------+-------+----------------------

Table legend: (Time is in decaauts)
 A = Elapsed time spent in this place.
 B = Non-inter-level travel time spent in this place.
 C = Inter-level travel time spent in this place.
 D = Time resting spent in this place.
 E = Time spent auto-exploring this place.
 F = Levels seen in this place.
 G = Mean time per level.
                   A        B        C        D        E       F      G
               +--------+--------+--------+--------+--------+-----+--------+
         Total |   2371 |   2292 |     79 |    168 |   1755 |   6 |  395.2 |
       Dungeon |   2367 |   2288 |     79 |    168 |   1755 |   5 |  473.4 |
        Temple |      4 |      4 |      0 |      0 |      0 |   1 |    4.0 |
               +--------+--------+--------+--------+--------+-----+--------+

Top non-repeatable levels by time:
     D:2: 865 daAuts
     D:1: 850 daAuts
     D:6: 307 daAuts
     D:3: 243 daAuts
     D:5: 99 daAuts
  Temple: 4 daAuts
